 Dungeon Crawl Stone Soup version 0.24.0-125-gc4c63601f3 (console) character file.

Game seed: 7885673324410220138, levelgen mode: deterministic

496450 utis the Spry (level 25, -3/168 HPs)
             Began as a Tengu Monk on Feb 14, 2020.
             Slain by a vampire knight
             ... wielding a +1 war axe of chopping
              (5 damage)
             ... while paralysed by a vampire knight
             ... on level 3 of the Crypt on Feb 20, 2020.
             The game lasted 04:45:20 (76829 turns).

utis the Spry (Tengu Monk)                         Turns: 76829, Time: 04:45:21

Health: -3/168     AC: 27    Str: 21    XL:     25   Next: 55%
Magic:  34/34      EV:  2    Int: 19    God:
Gold:   625        SH:  0    Dex: 18    Spells: 19/36 levels left

rFire    . . .     SeeInvis .   b - +3 morningstar (holy)
rCold    + . .     Gourm    .   N - +2 shield
rNeg     . . .     Faith    .   j - +3 chain mail {rF+}
rPois    .         Spirit   .   B - +2 hat {Int+3}
rElec    +         Reflect  +   L - +1 cloak of Xuker {rElec Int+4}
rCorr    +         Harm     .   S - +2 pair of gloves
MR       +....                  (boots unavailable)
Stlth    ..........             D - brooch of Shielding {Reflect SH+8}
HPRegen  0.38/turn              Y - +5 ring of slaying {=R}
MPRegen  0.24/turn              h - ring of Discretion {rF- rC+ rCorr Slay+4}

@: paralysed, flying quickly and evasively, quick
A: beak, talons 3, blurry vision 1, able to fly
}: 1/15 runes: serpentine
a: Stop Flying


You were on level 3 of the Crypt.
You were not hungry.

You visited 9 branches of the dungeon, and saw 43 of its levels.
You visited 2 bazaars.
You also visited: Sewer.

You collected 5184 gold pieces.
You spent 4559 gold pieces at shops.

Inventory:

Hand Weapons
 a - a +9 whip of pain
 b - a +3 morningstar of holy wrath (weapon)
Missiles
 r - 6 boomerangs of dispersal {=f}
 A - 7 curare-tipped darts {=f}
Armour
 j - a +3 chain mail of fire resistance (worn)
 B - a +2 hat of intelligence (worn)
 L - the +1 cloak of Xuker (worn) {rElec Int+4}
   (You found it on level 2 of the Depths)

   It affects your intelligence (+4).
   It insulates you from electricity.
 N - a +2 shield (worn)
 S - a +2 pair of gloves (worn)
Magical Staves
 w - an uncursed staff of wizardry {!a}
Jewellery
 h - the ring of Discretion (right hand) {rF- rC+ rCorr Slay+4}
   (You took it off a crimson imp on level 10 of the Dungeon)

   [ring of resist corrosion]

   It affects your accuracy and damage with ranged weapons and melee attacks
   (+4).
   It makes you vulnerable to fire.
   It protects you from cold.
   It provides partial protection from all sources of acid and corrosion.
 o - the ring of Anaewek {rF+ rC+ Int+3 Dex-3}
   (You took it off a deep elf high priest on level 3 of the Elven Halls)

   [ring of protection from cold]

   It affects your intelligence (+3).
   It affects your dexterity (-3).
   It protects you from fire.
   It protects you from cold.
 D - the brooch of Shielding (around neck) {Reflect SH+8}
   (You found it on level 2 of the Depths)

   [amulet of reflection]

   It shields you and reflects attacks.
   It affects your SH (+8).
 F - the ring "Usuto" {Fire MR+ Str+6 Int+4 Dex+4}
   (You took it off a deep elf demonologist on level 3 of the Elven Halls)

   [ring of fire]

   It enhances your fire magic.
   It affects your strength (+6).
   It affects your intelligence (+4).
   It affects your dexterity (+4).
   It protects you from fire.
   It makes you vulnerable to cold.
   It affects your resistance to hostile enchantments.
 P - the ring of Melogorgh {rPois Dex+4 SInv Stlth+}
   (You took it off a deep elf sorcerer on level 3 of the Elven Halls)

   [ring of stealth]

   It affects your dexterity (+4).
   It protects you from poison.
   It lets you see invisible.
   It makes you more stealthy.
 Y - a +5 ring of slaying (left hand) {=R}
Wands
 c - a wand of enslavement (26)
 f - a wand of disintegration (53) {@e1}
 k - a wand of clouds (10)
 p - a wand of flame (49)
 t - a wand of digging (5)
 x - a wand of iceblast (13)
 y - a wand of acid (13)
 O - a wand of scattershot (1)
 V - a wand of paralysis (8)
Scrolls
 d - 18 scrolls of teleportation {@r4}
 g - 7 scrolls of fog
 m - 6 scrolls of fear
 n - 7 scrolls of blinking
 s - a scroll of holy word
 E - 6 scrolls of magic mapping
 I - 10 scrolls of identify {@r1}
 U - 4 scrolls of remove curse {@r2}
 X - 2 scrolls of silence {!r}
Potions
 l - 10 potions of might
 q - 18 potions of curing {@q1}
 u - 5 potions of haste {@q3}
 z - 5 potions of brilliance
 C - a potion of resistance
 G - 5 potions of heal wounds {@q2}
 H - a potion of magic
 J - 2 potions of agility
 K - 7 potions of berserk rage {!q}
Miscellaneous
 e - a phial of floods
 v - 3 phantom mirrors
 M - a lightning rod (4/4)
 Q - a fan of gales
 T - a lamp of fire
 W - 3 boxes of beasts
 Z - a sack of spiders
Comestibles
 i - a chunk of flesh
 R - 66 rations {@e1}


   Skills:
 - Level 20.0 Fighting
   Level 3.0 Short Blades
 + Level 13.9 Maces & Flails
 - Level 0.1(9.2) Staves
 + Level 19.9 Armour
 + Level 20.1 Dodging
 - Level 2.0 Stealth
 - Level 15.1 Shields
 - Level 6.0 Spellcasting
 - Level 5.0 Charms
 - Level 5.3 Summonings
 - Level 16.0 Necromancy
 - Level 14.0 Evocations


You had 19 spell levels left.
You knew the following spells:

 Your Spells              Type           Power        Failure   Level  Hunger
a - Vampiric Draining     Necr           ######....   1%          3    ##.....
b - Borgnjor's Vile Clut  Necr/Erth      #####.....   41%         5    #####..
c - Regeneration          Chrm/Necr      #####.....   1%          3    ##.....
d - Animate Dead          Necr           N/A          1%          4    ####...
n - Animate Skeleton      Necr           N/A          1%          1    None
B - Summon Butterflies    Summ           ####....     4%          1    None

Your spell library contained the following spells:

 Spells                   Type           Power        Failure   Level  Hunger
 Pain                     Necr           ####         1%          1    None
 Summon Small Mammal      Summ           ####         4%          1    None
 Infusion                 Chrm           ###.         5%          1    None
 Call Imp                 Summ           ####....     8%          2    None
 Song of Slaying          Chrm           ###.....     9%          2    None
 Call Canine Familiar     Summ           ####....     14%         3    ##.....
 Shroud of Golubria       Chrm/Tloc      ###...       22%         2    None
 Swiftness                Chrm/Air       ###.....     22%         2    None
 Apportation              Tloc           #.....       38%         1    None
 Beastly Appendage        Tmut           #.....       38%         1    None
 Confusing Touch          Hex            #.....       38%         1    None
 Corona                   Hex            #......      38%         1    None
 Flame Tongue             Conj/Fire      #....        38%         1    None
 Freeze                   Ice            #...         38%         1    None
 Shock                    Conj/Air       #...         38%         1    None
 Spectral Weapon          Hex/Chrm       ###.....     41%         3    ##.....
 Summon Guardian Golem    Hex/Summ       ###.....     41%         3    ##.....
 Ensorcelled Hibernation  Hex/Ice        #.....       54%         2    None
 Poisonous Vapours        Pois/Air       #.....       54%         2    None
 Sticks to Snakes         Tmut           #.......     54%         2    None
 Throw Flame              Conj/Fire      #.....       54%         2    None
 Confuse                  Hex            #.......     77%         3    ##.....
 Conjure Flame            Conj/Fire      #.......     77%         3    ##.....
 Dazzling Spray           Conj/Hex       #.....       77%         3    ##.....
 Gell's Gravitas          Tloc           #.........   77%         3    ##.....
 Inner Flame              Hex/Fire       #.......     77%         3    ##.....
 Lesser Beckoning         Tloc           #.........   77%         3    ##.....
 Mephitic Cloud           Conj/Pois/Air  #.......     77%         3    ##.....
 Portal Projectile        Hex/Tloc       #.....       77%         3    ##.....
 Spider Form              Tmut/Pois      #.........   77%         3    ##.....
 Static Discharge         Conj/Air       #.......     77%         3    ##.....
 Tukima's Dance           Hex            #.......     77%         3    ##.....
 Aura of Abjuration       Summ           ####......   80%         5    #####..
 Summon Ice Beast         Ice/Summ       ###.....     82%         4    ####...
 Summon Lightning Spire   Summ/Air       ###.....     82%         4    ####...
 Airstrike                Air            #.........   99%         4    ####...
 Cause Fear               Hex            #.........   99%         4    ####...
 Force Lance              Conj/Tloc      #.......     99%         4    ####...
 Ice Form                 Ice/Tmut       #.......     99%         4    ####...
 Leda's Liquefaction      Hex/Erth       #.........   99%         4    ####...
 Petrify                  Tmut/Erth      #.......     99%         4    ####...
 Sticky Flame             Conj/Fire      #.......     99%         4    ####...
 Summon Mana Viper        Hex/Summ       ###.....     99%         5    #####..
 Alistair's Intoxication  Tmut/Pois      #.......     100%        5    #####..
 Blade Hands              Tmut           #.........   100%        5    #####..
 Bolt of Magma            Conj/Fire/Erth #.........   100%        5    #####..
 Fireball                 Conj/Fire      #.........   100%        5    #####..
 Lightning Bolt           Conj/Air       #.........   100%        5    #####..
 Metabolic Englaciation   Hex/Ice        #.........   100%        5    #####..
 Silence                  Hex/Air        #.........   100%        5    #####..
 Yara's Violent Unravell  Hex/Tmut       #.........   100%        5    #####..
 Darkness                 Hex            #.........   100%        6    #######
 Deflect Missiles         Chrm/Air       ###.......   100%        6    #######
 Dispersal                Tloc           #.........   100%        6    #######
 Freezing Cloud           Conj/Ice/Air   #.........   100%        6    #######
 Invisibility             Hex            #.......     100%        6    #######
 Iron Shot                Conj/Erth      #.........   100%        6    #######
 Shadow Creatures         Summ           N/A          100%        6    #######
 Statue Form              Tmut/Erth      #........    100%        6    #######
 Malign Gateway           Summ/Tloc      ###.......   100%        7    #######
 Monstrous Menagerie      Summ           ####......   100%        7    #######
 Ring of Flames           Chrm/Fire      ###.......   100%        7    #######
 Spellforged Servitor     Conj/Summ      ###.......   100%        7    #######
 Summon Greater Demon     Summ           ####......   100%        7    #######
 Controlled Blink         Tloc           N/A          100%        8    #######
 Discord                  Hex            #.........   100%        8    #######
 Disjunction              Tloc           #.........   100%        8    #######
 Summon Horrible Things   Summ           ####......   100%        8    #######
 Shatter                  Erth           #.........   100%        9    #######


Dungeon Overview and Level Annotations

Branches:
Dungeon (15/15)            Temple (0/1) D:5            Lair (6/6) D:11
 Shoals (1/4) Lair:4        Snake (4/4) Lair:4        Slime (0/5) Lair:6
    Orc (2/2) D:9             Elf (3/3) Orc:2        Vaults (4/5) D:13
  Crypt (3/3) Vaults:3     Depths (5/5) D:15            Zot (0/5) Depths:5
  Sewer (visited)
   Tomb: Crypt:3

Altars:
Cheibriados
Dithmenos
Elyvilon
Kikubaaqudgha
Makhleb
Okawaru
Qazlal
Sif Muna
Trog
Vehumet
Xom
Yredelemnul
Zin
Beogh

Shops:
D:5 %   D:7 *   Orc:2 :!!(??=   Elf:2 %   Elf:3 }   Snake:1 *   Snake:3 =%
Vaults:1 (   Vaults:2 [   Depths:3 *}[   Depths:4 (*:*

Portals:
Hell: Depths:1 Depths:2 Depths:3 Depths:4 Depths:5
Abyss: Depths:2 Depths:4
Pandemonium: Depths:2 Depths:3 Depths:4
Ziggurat: Depths:5
Trove: D:13 (give +3 gold dragon scales)

Annotations:
D:7 Menkaure
Elf:1 exclusion: orange crystal statue
Elf:3 exclusion: orange crystal statue


Innate Abilities, Weirdness & Mutations

You have a beak for a mouth.
You have claws for feet.
You can fly continuously.
Scrolls take you a little longer to read.


Message History

You suddenly lose the ability to move!
You hear some strange, mumbled words.
Something tries to affect you, but you resist.
Something hits you but does no damage. Something bites you but does no damage.
You hear some strange, mumbled words.
Something tries to affect you, but you resist.
Something hits you!!
* * * LOW HITPOINT WARNING * * *
Something bites you but does no damage. Something hits you!
* * * LOW HITPOINT WARNING * * *
x2 Something bites you but does no damage.
Your skin stops crawling.
Something hits you but does no damage. Something bites you.
* * * LOW HITPOINT WARNING * * *
Something draws strength from your injuries!
You hear some strange, mumbled words.
Something tries to affect you, but you resist.
Something hits you but does no damage. Something bites you but does no damage.
Something hits you but does no damage. Something bites you.
You die...

...8... ▒..... ▒▒▒▒▒▒
▒▒▒'''▒▒▒....▒▒▒
+.......'.....)▒▒▒▒
▒....[..▒.....?:▒.▒▒
▒.......▒▒....!▒▒..▒
▒.........▒.....▒...▒
▒▒......)▒▒▒...▒▒.8.▒
+▒.....▒Q.▒▒▒▒▒....▒
▒▒▒▒▒▒▒{...▒......▒
▒...........▒
▒..........▒▒ .⌠..
▒...⌠.....▒▒ ....
▒▒▒▒▒▒.......▒▒▒
..... ▒...▒▒.....▒▒▒
▒
▒▒▒....▒▒._.▒▒....▒▒
▒▒▒.▒▒.............▒▒


There were no monsters in sight!

Vanquished Creatures
  Mara (Snake:4)
  2 juggernauts
  Sojobo (Vaults:3)
  Boris (Depths:5)
  Margery (Crypt:1)
  2 golden dragons (Depths:5)
  A bone dragon (Crypt:3)
  The ghost of Eddam the Peltast, an adept MiBe of Trog (Depths:2)
  Jorgrun (Elf:1)
  2 tentacled monstrosities
  The ghost of Sianeop the Warrior, an adept GrFi of Cheibriados (Vaults:3)
  2 liches
  2 deep elf blademasters (Elf:3)
  A deep elf master archer (Elf:3)
  A quicksilver dragon (Depths:5)
  3 ancient champions
  A sphinx (Depths:4)
  A storm dragon (Depths:4)
  9 nagarajas
  7 tengu reavers
  Donald (Elf:1)
  11 fire giants
  5 deep elf sorcerers
  An iron dragon (Depths:4)
  Roxanne (Shoals:1)
  12 frost giants
  An orc warlord (Orc:2)
  2 deep elf elementalists (Elf:3)
  6 vault wardens
  3 ghouls
  A draconian annihilator (Depths:5)
  A cacodemon (Depths:4)
  A draconian shifter (Depths:5)
  6 ironheart preservers
  2 spriggan defenders (Depths:3)
  16 stone giants
  2 grey draconians
  26 very ugly things
  5 vampire knights
  An entropy weaver (Vaults:3)
  A lorocyproca (Depths:2)
  Nessos (D:14)
  8 deep elf demonologists
  2 yellow draconians (Depths:5)
  8 deep elf annihilators
  The ghost of Mesmaeker13 the Earth Mage, a journeyman DrEE of Sif Muna (Lair:5)
  2 red draconians (Depths:5)
  2 purple draconians (Depths:5)
  An eidolon (Crypt:1)
  9 spark wasps
  12 ettins
  9 fire dragons
  14 jiangshi
  8 deep elf death magi
  16 yaktaur captains
  The ghost of Qoagg the Eclecticist, a journeyman DEFE of Vehumet (Lair:6)
  Erolcha (Orc:1)
  3 deep elf high priests (Elf:3)
  7 great orbs of eyes
  Fannar (Lair:2)
  10 ice dragons
  A monstrous demonspawn (Depths:2)
  3 rakshasas
  9 hydras
  4 vault guards
  9 anacondas
  A spriggan air mage (Depths:4)
  11 naga warriors
  55 two-headed ogres
  16 ogre magi
  30 dancing weapons
  7 death yaks
  6 deep troll earth magi
  7 death knights
  10 centaur warriors
  6 deep troll shamans
  2 orc high priests (Orc:1)
  6 vampire magi
  9 tengu warriors
  5 naga sharpshooters
  Urug (D:13)
  6 shock serpents
  20 deep elf knights
  A soul eater (Crypt:1)
  14 skeletal warriors
  19 hell knights
  3 spriggan berserkers
  3 shadow wraiths
  2 sixfirhies
  Nergalle (Orc:2)
  2 iron trolls (Depths:4)
  5 sea snakes
  20 deep trolls
  2 unseen horrors
  7 flayed ghosts
  2 naga ritualists
  4 glowing orange brains
  A quicksilver dragon simulacrum (Crypt:3)
  A spark wasp zombie (Crypt:2)
  11 deep elf archers
  A torturous demonspawn (Depths:2)
  A tengu zombie (Vaults:4)
  17 ironbrand convokers
  7 wizards
  12 harpies
  59 ugly things
  14 orc knights
  4 phantasmal warriors
  5 mana vipers
  14 necromancers
  59 deep elf magi
  11 orc sorcerers
  3 wolf spiders
  2 shadow dragon skeletons
  An oklob plant (Lair:5)
  2 salamanders (shapeshifter)
  A fire giant zombie (Vaults:3)
  5 manticores
  11 salamanders
  6 cyclopes
  6 elephants (Lair:3)
  A merfolk siren (Lair:4)
  11 vault sentinels
  20 naga magi
  A molten gargoyle (Depths:5)
  2 guardian serpents (shapeshifter)
  2 rust devils
  A fire giant skeleton (Crypt:1)
  41 black mambas
  A dire elephant zombie (Crypt:3)
  A stone giant skeleton (Vaults:3)
  15 guardian serpents
  15 spiny frogs
  A white draconian zombie (Crypt:1)
  A gargoyle (D:15)
  A rime drake (Lair:6)
  2 kobold demonologists
  2 spiny frogs (shapeshifter)
  A swamp worm zombie (Crypt:1)
  5 efreet
  17 freezing wraiths
  3 yaktaurs (shapeshifter)
  12 komodo dragons
  54 yaktaurs
  An ice devil (Depths:4)
  A red devil (Depths:4)
  4 tengu conjurers
  3 merfolk (Shoals:1)
  7 trolls
  A meliai (shapeshifter) (D:15)
  4 tyrant leeches (Depths:2)
  16 hornets
  2 wind drakes (Shoals:1)
  7 polar bears
  A polar bear (shapeshifter) (Vaults:3)
  A tyrant leech (shapeshifter) (Vaults:2)
  18 blink frogs
  Prince Ribbit (D:6)
  16 slime creatures
  A bog body (Crypt:1)
  10 hippogriffs
  2 frost giant simulacra
  A snapping turtle (Shoals:1)
  5 dream sheep
  31 spriggans
  29 water elementals
  2 redbacks (shapeshifter)
  A ynoxinul (Depths:2)
  45 flying skulls
  4 redbacks (Vaults:3)
  5 shadows
  An ettin skeleton (Vaults:3)
  11 wraiths
  3 vampires
  A wind drake zombie (Crypt:2)
  2 air elementals (Elf:3)
  A human (shapeshifter) (D:10)
  26 yaks
  3 yaks (shapeshifter)
  8 wyverns
  3 fire elementals
  A human (D:7)
  5 large abominations (Elf:1)
  3 basilisks
  4 hogs (D:7)
  3 vampire mosquitoes
  A warg (shapeshifter) (Depths:1)
  A soldier ant (D:11)
  6 hungry ghosts
  34 nagas
  5 hydra simulacra (Depths:3)
  5 wargs
  20 water moccasins
  5 acid dragons
  A soldier ant (shapeshifter) (Depths:2)
  A monstrous demonspawn skeleton (Crypt:2)
  4 porcupines
  7 small abominations (Elf:1)
  37 orc warriors
  5 black bears
  2 ice beasts
  7 sky beasts
  3 phantoms
  A hornet zombie (D:14)
  19 boggarts
  38 ogres
  An eye of draining (D:14)
  7 necrophages
  3 ettin simulacra (Depths:4)
  35 centaurs
  27 wolves
  A torpor snail zombie (Crypt:1)
  14 crocodiles
  4 big kobolds
  15 bullfrogs
  3 human skeletons
  5 earth elementals
  A hippogriff skeleton (Crypt:2)
  2 wyvern skeletons
  9 scorpions
  A water moccasin skeleton (D:7)
  19 killer bees
  5 wights (Crypt:1)
  3 howler monkeys
  7 electric eels
  13 crimson imps
  5 bullfrog zombies
  3 human simulacra
  5 quasits
  16 hounds
  18 orc priests
  3 bullfrog skeletons
  3 jellies
  8 centaur zombies
  9 iguanas
  60 orc wizards
  2 iron imps (Depths:2)
  9 centaur skeletons
  Terence (D:3)
  An iguana (shapeshifter) (Depths:4)
  A porcupine zombie (Crypt:1)
  Natasha (thrice) (D:3)
  A porcupine skeleton (Crypt:2)
  17 worker ants
  A felid zombie (Crypt:2)
  2 hound skeletons
  A mummy (D:7)
  2 worker ant zombies
  Robin (D:3)
  19 adders
  2 howler monkey skeletons
  11 river rats
  4 shadow imps
  3 white imps
  2 ufetubi (Depths:4)
  2 adder zombies
  A halfling zombie (Crypt:2)
  An adder skeleton (D:4)
  A lava snake skeleton (Crypt:1)
  6 worms
  3 dart slugs
  6 leopard geckos
  99 orcs
  A bat skeleton (Crypt:1)
  A bat zombie (D:1)
  8 giant cockroaches
  16 goblins
  11 hobgoblins
  8 jackals
  11 quokkas
  10 ball pythons
  8 bats
  7 frilled lizards
  A gnoll skeleton (Crypt:1)
  A jackal skeleton (D:6)
  A jackal zombie (D:5)
  33 kobolds
  2 quokka skeletons
  25 rats
  A plant (Lair:5)
2183 creatures vanquished.

Vanquished Creatures (others)
  A deep elf master archer (Elf:3)
  2 stone giants (Depths:3)
  2 necromancers (Depths:4)
  A guardian serpent (Snake:4)
  2 yaktaurs
  A big kobold (shapeshifter) (Elf:3)
  A goblin (D:2)
  A quokka (D:2)
  12 fungi
  10 plants
33 creatures vanquished.

Grand Total: 2216 creatures vanquished

Notes
Turn   | Place    | Note
-------+----------+-------------------------------------------
     0 | D:1      | utis the Tengu Monk began the quest for the Orb.
     0 | D:1      | Reached XP level 1. HP: 14/14 MP: 2/2
   165 | D:1      | Reached XP level 2. HP: 19/19 MP: 3/3
  1089 | D:1      | Reached XP level 3. HP: 22/23 MP: 4/4
  1809 | D:2      | Reached skill level 1 in Armour
  1859 | D:2      | Found a white marble altar of Elyvilon.
  2092 | D:2      | Reached XP level 4. HP: 23/28 MP: 5/5
  2264 | D:2      | Found a glowing silver altar of Zin.
  3557 | D:3      | Reached skill level 1 in Short Blades
  3557 | D:3      | Gained mutation: You can fly continuously. [Tengu growth]
  3557 | D:3      | Reached XP level 5. HP: 20/33 MP: 6/6
  3564 | D:3      | Found a glowing drain.
  3570 | Sewer    | Entered a sewer
  4395 | Sewer    | Reached XP level 6. HP: 16/38 MP: 7/7
  5220 | D:3      | Noticed Robin
  5239 | D:3      | Killed Robin
  5309 | D:3      | Noticed Terence
  5320 | D:3      | Killed Terence
  5320 | D:3      | Reached skill level 5 in Dodging
  5551 | D:3      | Noticed Natasha
  5559 | D:3      | Killed Natasha
  5691 | D:3      | Noticed Natasha
  5696 | D:3      | Killed Natasha
  5951 | D:3      | Found a shimmering blue altar of Sif Muna.
  6308 | D:3      | Noticed Natasha
  6314 | D:3      | Killed Natasha
  6367 | D:4      | Reached XP level 7. HP: 40/44 MP: 8/8
  6673 | D:4      | Found a snail-covered altar of Cheibriados.
  6847 | D:4      | Reached skill level 5 in Fighting
  6927 | D:4      | Found a stormy altar of Qazlal.
  7075 | D:4      | Found a shimmering altar of Xom.
  7160 | D:5      | Entered Level 5 of the Dungeon
  7270 | D:5      | Reached XP level 8. HP: 37/50 MP: 9/9
  7400 | D:5      | Found Uwop Hoi's Food Shoppe.
  7459 | D:5      | Reached skill level 5 in Armour
  7671 | D:5      | Found a staircase to the Ecumenical Temple.
  7997 | D:5      | Found a basalt altar of Yredelemnul.
  8363 | D:6      | Reached XP level 9. HP: 56/56 MP: 10/10
  9430 | D:7      | Noticed Prince Ribbit
  9453 | D:6      | Killed Prince Ribbit
  9606 | D:7      | Found Launnac's General Store.
  9611 | D:7      | Bought a scroll of identify for 24 gold pieces
  9612 | D:7      | Bought a scroll of identify for 24 gold pieces
  9701 | D:7      | Found a burning altar of Makhleb.
  9780 | D:7      | Found a basalt altar of Yredelemnul.
  9781 | D:7      | Noticed Menkaure
  9783 | D:7      | Found an ancient bone altar of Kikubaaqudgha.
  9821 | D:7      | Found a transporter.
  9832 | D:7      | Found a transporter.
 10178 | D:7      | Reached XP level 10. HP: 54/64 MP: 11/11
 11254 | D:7      | Found a bloodstained altar of Trog.
 11570 | D:6      | Learned a level 1 spell: Animate Skeleton
 11756 | D:8      | Reached skill level 1 in Necromancy
 13427 | D:8      | Reached skill level 5 in Maces & Flails
 13427 | D:8      | Reached skill level 10 in Dodging
 13587 | D:8      | Got a slimy hand crossbow
 14246 | D:9      | Found a staircase to the Orcish Mines.
 14354 | D:9      | Reached XP level 11. HP: 71/71 MP: 12/12
 14558 | D:9      | Identified the cursed +0 hand crossbow of Currency {venom,
                  | *Drain rPois Int+3 Stlth+} (You found it on level 8 of the
                  | Dungeon)
 14652 | D:9      | Noticed a manticore
 14681 | D:9      | Killed a manticore
 15226 | D:9      | Found a roughly hewn altar of Beogh.
 15486 | D:7      | Reached skill level 5 in Necromancy
 15773 | D:10     | Entered Level 10 of the Dungeon
 15780 | D:10     | Found a burning altar of Makhleb.
 15818 | D:10     | Killed an unseen horror
 15835 | D:10     | Identified the ring "Luunkumi" {Str+2 Stlth+}
 15835 | D:10     | Noticed a centaur warrior
 15855 | D:10     | Killed a centaur warrior
 15983 | D:10     | Identified the ring of Discretion {rF- rC+ rCorr Slay+4}
 15996 | D:10     | Noticed a two-headed ogre
 16014 | D:9      | Killed a two-headed ogre
 16399 | D:10     | Learned a level 3 spell: Regeneration
 16404 | D:10     | Learned a level 4 spell: Animate Dead
 16460 | D:10     | Identified the ring of Nacagoopn {rN+ Str+5 Int+2}
 16494 | D:10     | Identified the ring of Tuaxtiu {rCorr SInv}
 16628 | D:10     | Reached skill level 1 in Spellcasting
 16879 | D:11     | Noticed a seven-headed hydra
 16887 | D:11     | Killed a seven-headed hydra
 16939 | D:11     | Learned a level 3 spell: Vampiric Draining
 16967 | D:11     | Paralysed by a hornet for 3 turns
 17331 | D:11     | Noticed a death yak
 17331 | D:11     | Noticed a death yak
 17331 | D:11     | Noticed a death yak
 17366 | D:11     | Killed a death yak
 17366 | D:11     | Reached skill level 10 in Armour
 17366 | D:11     | Reached XP level 12. HP: 70/77 MP: 14/17
 17381 | D:11     | Killed a death yak
 17381 | D:11     | Reached skill level 10 in Fighting
 17636 | D:11     | Noticed a death yak
 17636 | D:11     | Noticed a death yak
 17636 | D:11     | Noticed a death yak
 17636 | D:11     | Noticed a death yak
 17666 | D:11     | Killed a death yak
 17671 | D:11     | Killed a death yak
 17878 | D:10     | Killed a death yak
 17970 | D:10     | Killed a death yak
 18007 | D:11     | Killed a death yak
 18430 | D:11     | Found a staircase to the Lair.
 18592 | D:11     | Found a radiant altar of Vehumet.
 18809 | D:11     | Noticed a two-headed ogre
 18822 | D:11     | Killed a two-headed ogre
 18982 | D:11     | Noticed a two-headed ogre
 18986 | D:11     | Killed a two-headed ogre
 19179 | D:11     | Noticed a two-headed ogre
 19186 | D:11     | Killed a two-headed ogre
 19334 | D:11     | Noticed a tengu warrior
 19357 | D:11     | Killed a tengu warrior
 19445 | D:11     | Noticed a two-headed ogre
 19485 | D:11     | Reached XP level 13. HP: 76/83 MP: 15/18
 19552 | D:11     | Reached skill level 10 in Maces & Flails
 19884 | Lair:1   | Entered Level 1 of the Lair of Beasts
 21448 | Lair:2   | Reached skill level 10 in Necromancy
 21626 | Lair:2   | Noticed Fannar
 21636 | Lair:2   | Killed Fannar
 22654 | Lair:3   | Found a shimmering altar of Xom.
 22996 | Lair:4   | Found an iron altar of Okawaru.
 23328 | Lair:4   | Reached XP level 14. HP: 78/90 MP: 16/19
 23643 | Lair:4   | Found a staircase to the Snake Pit.
 24098 | Lair:4   | Found a staircase to the Shoals.
 24432 | Lair:5   | Reached skill level 5 in Evocations
 24583 | Lair:5   | Found a runed translucent door.
 24584 | Lair:5   | Noticed Mesmaeker13's ghost (journeyman DrEE)
 24671 | Lair:5   | Got an ancient granite ring
 24676 | Lair:5   | Identified the ring of Hayceebu {rF- Str+5 Int+3 SInv} (You
                  | found it on level 5 of the Lair of Beasts)
 25278 | Lair:6   | Entered Level 6 of the Lair of Beasts
 26896 | Lair:6   | Got a faintly glowing hand crossbow
 26897 | Lair:6   | Identified the +4 hand crossbow of the Morning {speed,
                  | Str+2 Stlth+} (You found it on level 6 of the Lair of
                  | Beasts)
 26962 | Lair:6   | Found a staircase to the Slime Pits.
 27469 | Lair:6   | Reached skill level 1 in Charms
 27539 | Lair:6   | Found a runed translucent gate.
 27539 | Lair:6   | Found a runed translucent gate.
 27539 | Lair:6   | Found a runed translucent gate.
 27541 | Lair:6   | Noticed Qoagg's ghost (journeyman DEFE)
 28211 | Lair:5   | Killed Mesmaeker13's ghost
 28211 | Lair:5   | Reached XP level 15. HP: 95/96 MP: 20/20
 28424 | Lair:6   | Killed Qoagg's ghost
 28440 | Lair:6   | Got a smoking chain mail
 28475 | Lair:6   | Identified the cursed +0 chain mail "Qiamei" {MR+ rCorr
                  | Int+3} (You found it on level 6 of the Lair of Beasts)
 28693 | Orc:1    | Entered Level 1 of the Orcish Mines
 28793 | Orc:2    | Entered Level 2 of the Orcish Mines
 28848 | Orc:2    | Found a staircase to the Elven Halls.
 28959 | Orc:2    | Found Ifetuwnu's Distillery.
 29482 | Orc:2    | Found Raurugiv's Magic Scroll Shoppe.
 29513 | Orc:2    | Found Etselou's Jewellery Boutique.
 29528 | Orc:2    | Noticed an orc warlord
 29751 | Orc:2    | Killed an orc warlord
 29890 | Orc:1    | Noticed Erolcha
 29898 | Orc:1    | Killed Erolcha
 30409 | Orc:1    | Found a roughly hewn altar of Beogh.
 30691 | Orc:2    | Bought a +5 ring of slaying for 1250 gold pieces
 31062 | Orc:2    | Paralysed by an orc sorcerer for 6 turns
 31075 | Orc:2    | Paralysed by an orc sorcerer for 3 turns
 31235 | Orc:2    | Found Pauddey's Magic Scroll Shoppe.
 31257 | Orc:2    | Found a radiant altar of Vehumet.
 31364 | Orc:2    | Found Liriofunku's Distillery.
 31394 | Orc:2    | Noticed Nergalle
 31410 | Orc:2    | Killed Nergalle
 31550 | Orc:2    | Found a roughly hewn altar of Beogh.
 31550 | Orc:2    | Found Vukkao's Book Emporium.
 31564 | Orc:2    | Found an ancient bone altar of Kikubaaqudgha.
 31642 | Orc:2    | Found Woproch's Antique Weapon Emporium.
 31756 | Orc:2    | Bought a scroll of enchant weapon for 112 gold pieces
 31997 | Snake:1  | Entered Level 1 of the Snake Pit
 32040 | Snake:1  | Reached skill level 1 in Shields
 32567 | Snake:1  | Found Laanilif's General Store.
 33868 | Snake:2  | Noticed a nagaraja
 33966 | Snake:2  | Reached XP level 16. HP: 98/103 MP: 21/21
 34725 | Snake:2  | Killed a nagaraja
 34754 | Snake:2  | Noticed a nagaraja
 34775 | Snake:2  | Killed a nagaraja
 35391 | Snake:2  | Noticed a nagaraja
 35414 | Snake:2  | Killed a nagaraja
 35493 | Snake:2  | Found a white marble altar of Elyvilon.
 35968 | Snake:3  | Noticed a nagaraja
 35988 | Snake:3  | Killed a nagaraja
 36137 | Snake:3  | Found Rady's Food Boutique.
 36137 | Snake:3  | Found Zysam's Jewellery Shop.
 36323 | Snake:3  | Reached skill level 5 in Charms
 36686 | Snake:3  | Noticed a nagaraja
 36706 | Snake:3  | Killed a nagaraja
 37036 | Snake:4  | Entered Level 4 of the Snake Pit
 37036 | Snake:4  | Noticed a nagaraja
 37036 | Snake:4  | Noticed a nagaraja
 37036 | Snake:4  | Noticed a nagaraja
 37398 | Snake:4  | Noticed Mara
 37409 | Snake:4  | Noticed utis's illusion
 37416 | Snake:4  | Killed Mara
 37584 | Snake:4  | Killed a nagaraja
 37584 | Snake:4  | Reached XP level 17. HP: 73/109 MP: 7/22
 38292 | Shoals:1 | Entered Level 1 of the Shoals
 38292 | Shoals:1 | Identified Roxanne's Guide on the Mountains
 38292 | Shoals:1 | Noticed Roxanne
 38309 | Shoals:1 | Killed Roxanne
 38517 | Shoals:1 | Upgraded the game from 0.24.0-124-g2791043dd8 to
                  | 0.24.0-125-gc4c63601f3
 39210 | Snake:3  | Reached skill level 15 in Dodging
 40085 | Snake:4  | Got a serpentine rune of Zot
 41261 | D:13     | Found Seohiso's Distillery.
 41789 | D:13     | Noticed Urug
 41796 | D:13     | Killed Urug
 41797 | D:13     | Reached skill level 15 in Armour
 41953 | D:13     | Found a gate to the Vaults.
 42064 | D:13     | Found a portal to a secret trove of treasure.
 42180 | D:13     | Found a shadowy altar of Dithmenos.
 42737 | D:14     | Reached XP level 18. HP: 107/117 MP: 9/23
 43109 | Snake:3  | Bought an uncursed amulet of harm for 360 gold pieces
 43434 | D:14     | Noticed Nessos
 43468 | D:14     | Killed Nessos
 43694 | D:14     | Reached skill level 5 in Shields
 44539 | D:15     | Entered Level 15 of the Dungeon
 44929 | D:15     | Found a bloodstained altar of Trog.
 45474 | D:15     | Found a staircase to the Depths.
 45674 | Vaults:1 | Entered Level 1 of the Vaults
 45792 | Vaults:1 | Found Neveimy's Antique Weapon Boutique.
 46125 | Vaults:1 | Reached skill level 10 in Shields
 47474 | Vaults:2 | Found Oka Dia's Antique Armour Shoppe.
 47558 | Vaults:2 | Reached XP level 19. HP: 119/122 MP: 24/24
 47685 | Vaults:2 | Found a flickering gateway to a bazaar.
 47701 | Bazaar   | Entered a bazaar
 47701 | Bazaar   | Found Mosel's Magic Scroll Boutique.
 47701 | Bazaar   | Found Onah's Assorted Antiques.
 47701 | Bazaar   | Found Wuanas's Magic Scroll Shop.
 47701 | Bazaar   | Found Wextoot's Food Shoppe.
 47703 | Bazaar   | Found Ickinola's Weapon Emporium.
 47703 | Bazaar   | Found Yxiullir's Gadget Shop.
 47726 | Bazaar   | Bought a scroll of fear for 24 gold pieces
 47726 | Bazaar   | Bought a scroll of fog for 14 gold pieces
 47726 | Bazaar   | Bought a scroll of teleportation for 21 gold pieces
 47726 | Bazaar   | Bought a scroll of teleportation for 21 gold pieces
 47730 | Bazaar   | Bought a box of beasts for 200 gold pieces
 47730 | Bazaar   | Bought a phantom mirror for 300 gold pieces
 47738 | Bazaar   | Bought a scroll of blinking for 232 gold pieces
 47901 | Orc:2    | Bought a potion of heal wounds for 70 gold pieces
 47901 | Orc:2    | Bought a potion of haste for 140 gold pieces
 47981 | Orc:2    | Bought a potion of heal wounds for 80 gold pieces
 47981 | Orc:2    | Bought a potion of heal wounds for 80 gold pieces
 47981 | Orc:2    | Bought a potion of heal wounds for 80 gold pieces
 49905 | Vaults:3 | Found a large runed translucent door.
 49905 | Vaults:3 | Found a large runed translucent door.
 49906 | Vaults:3 | Noticed Sianeop's ghost (adept GrFi)
 50226 | Vaults:3 | Noticed Sojobo
 50246 | Vaults:3 | Killed Sojobo
 50246 | Vaults:3 | Reached skill level 15 in Shields
 51238 | Vaults:3 | Reached skill level 15 in Necromancy
 51452 | Vaults:3 | Identified the +7 long sword of Ysigi {venom, rElec}
 51510 | Vaults:3 | Reached XP level 20. HP: 128/128 MP: 25/25
 51514 | Vaults:3 | Reached skill level 15 in Fighting
 52557 | Vaults:3 | Found a staircase to the Crypt.
 53027 | Vaults:3 | Killed Sianeop's ghost
 53052 | Vaults:3 | Identified The Arcane Arts for Neophytes
 53056 | Vaults:3 | Learned a level 1 spell: Summon Butterflies
 54106 | Vaults:4 | Reached skill level 10 in Evocations
 54523 | Vaults:4 | Reached XP level 21. HP: 118/136 MP: 29/29
 54930 | Vaults:2 | Bought a twisted chain mail for 294 gold pieces
 54940 | Vaults:2 | Identified the +1 chain mail "Moshum" {+Inv MP-9 Int+3}
                  | (You bought it in a shop on level 2 of the Vaults)
 55479 | Depths:1 | Entered Level 1 of the Depths
 56836 | Depths:1 | Found a gateway to Hell.
 57866 | Depths:2 | Found a runed translucent door.
 57867 | Depths:2 | Found the brooch of Shielding {Reflect SH+8}
 57870 | Depths:2 | Noticed Eddam's ghost (adept MiBe)
 58894 | Depths:1 | Reached XP level 22. HP: 85/145 MP: 15/30
 59041 | Depths:2 | Got a translucent cloak
 59056 | Depths:2 | Identified the +1 cloak of Xuker {rElec Int+4} (You found
                  | it on level 2 of the Depths)
 59143 | Depths:2 | Found a one-way gate leading to the halls of Pandemonium.
 59199 | Depths:2 | Found a one-way gate to the infinite horrors of the Abyss.
 59263 | Depths:2 | Got shimmering fire dragon scales
 59300 | Depths:2 | Identified the cursed +0 fire dragon scales "Umer Ypn"
                  | {*Contam rF++ rC- rN+ Str+4} (You found it on level 2 of
                  | the Depths)
 59853 | Depths:2 | Identified Sif Muna's Tome of the Traveller and Creation
 60244 | Vaults:2 | Bought a glowing scale mail for 217 gold pieces
 60245 | Vaults:2 | ...
 60411 | Elf:1    | Entered Level 1 of the Elven Halls
 60864 | Elf:1    | Identified the Disquisition on Summoning
 61004 | Elf:1    | Noticed Jorgrun
 61034 | Elf:1    | Killed Jorgrun
 61184 | Elf:1    | You are sucked into a shaft and drop 1 floor!
 61202 | Elf:2    | Found a runed translucent gate.
 61202 | Elf:2    | Found a runed translucent gate.
 61203 | Elf:2    | Found a runed translucent gate.
 61734 | Elf:1    | Noticed Donald
 61754 | Elf:1    | Killed Donald
 62103 | Elf:2    | Found Raforoty's Food Boutique.
 63217 | Elf:3    | Entered Level 3 of the Elven Halls
 64178 | Elf:3    | Identified the ring of Anaewek {rF+ rC+ Int+3 Dex-3}
 64488 | Elf:3    | Found Sateo's Gadget Shoppe.
 64521 | Elf:3    | Identified the cursed +3 dagger of Inconvenience
                  | {antimagic, MR+ Str+2 Stlth+}
 64521 | Elf:3    | Identified the ring "Usuto" {Fire MR+ Str+6 Int+4 Dex+4}
 64542 | Elf:3    | Reached XP level 23. HP: 129/155 MP: 28/31
 64546 | Elf:3    | Identified the +4 battleaxe "Syphurpho" {vamp, -Tele +Inv
                  | rC+ MR+}
 64546 | Elf:3    | Identified the ring of Melogorgh {rPois Dex+4 SInv Stlth+}
 65056 | Elf:3    | Identified the cursed +1 plate armour of Duck's Teeth
                  | {rPois rN+} (You found it on level 3 of the Elven Halls)
 65319 | Elf:3    | Learned a level 5 spell: Borgnjor's Vile Clutch
 65560 | Vaults:2 | Bought a runed chain mail for 232 gold pieces
 66090 | Depths:2 | Killed Eddam's ghost
 66090 | Depths:2 | Reached skill level 1 in Summonings
 67074 | Depths:3 | Found Bozigac's Armour Boutique.
 67074 | Depths:3 | Found Okhanee's Gadget Shop.
 67078 | Depths:3 | Found Polun's Assorted Antiques.
 67526 | Depths:3 | Reached skill level 5 in Spellcasting
 68046 | Depths:3 | Identified the +7 dagger "Coebish" {vamp, rC+}
 68092 | Depths:3 | Noticed a juggernaut
 68116 | Depths:3 | Killed a juggernaut
 68363 | Depths:4 | You are sucked into a shaft and drop 1 floor!
 68363 | Depths:5 | Entered Level 5 of the Depths
 68387 | Depths:5 | Noticed a golden dragon
 68426 | Depths:5 | Killed a golden dragon
 68426 | Depths:5 | Reached skill level 5 in Summonings
 68648 | Depths:4 | Gained mutation: Scrolls take you a little longer to read.
                  | [a cacodemon]
 68750 | Depths:4 | Reached XP level 24. HP: 134/160 MP: 31/33
 68767 | Depths:4 | Found Qetytwewk's General Store.
 68850 | Depths:4 | Found Umodiwan's Weapon Emporium.
 68978 | Depths:4 | Found a flickering gateway to a bazaar.
 68990 | Bazaar   | Entered a bazaar
 68994 | Bazaar   | Found Zuixax's Jewellery Boutique.
 69013 | Bazaar   | Found Udiubb's Antique Armour Emporium.
 69031 | Bazaar   | Found Hutan's Assorted Antiques.
 69053 | Bazaar   | Found Tysuug's Gadget Shoppe.
 69092 | Bazaar   | Bought a polished plate armour for 784 gold pieces
 69102 | Bazaar   | Identified the +9 plate armour of Ahyug {rF- Int+9} (You
                  | bought it in a shop in a bazaar)
 69271 | Depths:4 | crap
 69724 | Depths:4 | Found Onewys Xuqa's General Store.
 69850 | Depths:4 | Found Qealaap's Book Shop.
 70636 | Depths:4 | hallelujah
 71250 | Depths:5 | Noticed a juggernaut
 71360 | Depths:5 | Killed a juggernaut
 71673 | Depths:4 | too lazy
 72544 | Depths:5 | Found a gateway to a ziggurat.
 72713 | Depths:5 | Noticed Boris
 72751 | Depths:5 | Killed Boris
 73223 | Depths:5 | Found a gate to the Realm of Zot.
 73684 | Crypt:1  | Entered Level 1 of the Crypt
 73690 | Crypt:1  | Noticed Margery
 73719 | Vaults:3 | Reached XP level 25. HP: 127/168 MP: 33/34
 73828 | Crypt:1  | Killed Margery
 76168 | Crypt:3  | Entered Level 3 of the Crypt
 76409 | Crypt:3  | Found a basalt altar of Yredelemnul.
 76825 | Crypt:3  | Paralysed by something for 7 turns
 76827 | Crypt:3  | HP: 3/168 [something (6)]
 76828 | Crypt:3  | HP: 1/168 [something (2)]
 76829 | Crypt:3  | Slain by a vampire knight

Levels and vault maps discovered:
D:1:      saegor_arrival_fortress, layout_loops_corners, serial_bayou_pond_c,
          hangedman_decor_push, hangedman_decor_clover_reticule, st_stairs_9
D:2:      layout_basic, elyvilon_altar_4, old_standard_altar, serial_curves,
          eino_curves_01, eino_curves_02, eino_curves_03
D:3:      layout_basic, lemuel_blue_sif_altar, serial_rivers,
          chequers_serial_rivers_large_a, chequers_serial_rivers_micro_b,
          chequers_serial_rivers_small_3, chequers_serial_rivers_small_b,
          portal_sewer_entry_e, guppyfry_early_orc_mine, uniq_terence,
          uniq_robin, uniq_natasha
D:4:      layout_loops_ring, grunt_qazlal_clouds, led_xom_imps,
          lemuel_crystal_altar, first_ration
D:5:      layout_loops_ring, minmay_temple_entry_wispy, serial_shops,
          nicolae_shop_trees, basic_altar
D:6:      layout_basic, eino_tiny_chamber
D:7:      minmay_flawed_box, layout_loops_ring, kennysheep_little_box,
          kennysheep_mini, gammafunk_temple_of_torment, serial_shops,
          nicolae_shop_stone, grunt_livestock, uniq_prince_ribbit1
D:8:      minmay_cornered_nines, layout_basic
D:9:      layout_irregular_city, minmay_orc_entry_temple_small
D:10:     minmay_the_grid_triangle_9x9_recursive_2_mashed
          [minmay_the_grid_triangle_9x9_prize_special,
          minmay_the_grid_triangle_9x9_alien,
          minmay_the_grid_triangle_9x9_shrine,
          minmay_the_grid_triangle_9x9_checkered], layout_rooms, hive_lemuel
D:11:     kennysheep_windowed_halls, layout_stronghold, dpeg_lair_monsters,
          basic_altar, serial_column_ruins, column_ruins_corridor_straight,
          column_ruins_grid_1, column_ruins_corridor_plus, column_ruins_grid_1,
          column_ruins_grid_3, minmay_circle_x
D:12:     layout_loops_ring
D:13:     kb_forest_paths, layout_loops_ring, erik_vaults_1, serial_shops,
          kennysheep_mini_moat, enter_trove_1, nicolae_dithmenos_shadow_blocks,
          uniq_urug
D:14:     layout_irregular_city, serial_bayou, serial_bayou_pond_b,
          serial_bayou_shore_b, serial_bayou_pond_c, serial_bayou_shore_b,
          infiniplex_staircase_spiral, small_statue_intersection, uniq_nessos
D:15:     grunt_enter_depths_magical_seal, layout_basic, minmay_misc_feat_tiny,
          hangedman_decor_opposing, trog_ov_bears_minmay
Lair:1:   layout_long_grid, st_stairs_6
Lair:2:   layout_roguey, uniq_fannar
Lair:3:   layout_chaotic_city, basic_altar
Lair:4:   layout_cave_pods, elwin_shoals_entry_rooms,
          minmay_snake_entry_six_corridors, serial_rivers,
          chequers_serial_rivers_room_b, chequers_serial_rivers_marsh,
          chequers_serial_rivers_marsh, chequers_serial_rivers_marsh,
          basic_altar, eino_small_chamber_without_monster
Lair:5:   layout_hall_layers, gammafunk_ghost_grave, wad_woods_road_03,
          minmay_lair_oklob_items
Lair:6:   minmay_lair_end_enchanted_forest, layout_regular_city, slime_dummy,
          gammafunk_ghost_hydra_chop, grunt_megastairs_2, lemuel_fruit_fields
Shoals:1: layout_shoals, uniq_roxanne
Snake:1:  layout_basic, serial_shops, shop, drop_trap, serial_bayou_shore_a
Snake:2:  nicolae_snakescales, layout_cave_town, basic_altar,
          hangedman_snake_corridor_split, lemuel_fruit_tree
Snake:3:  layout_rooms, chequers_hall_statues_wall_a, serial_bayou_pond_a,
          minmay_shoptagon, grunt_megastairs_3, serial_bayou_shore_b
Snake:4:  snake_hunt, layout_rooms, grunt_ministairs_6, uniq_mara
Orc:1:    layout_caves, serial_shops, kennysheep_orc_chapel, uniq_erolcha
Orc:2:    kennysheep_orc_mage_school, layout_diamond_mine, serial_shops,
          shop_statue, nicolae_shop_stone, shop
Elf:1:    elf_arrival_002, layout_loops_corners, minmay_elf_demonology,
          minivault_16, laboratory, uniq_donald, uniq_jorgrun
Elf:2:    layout_loops_cross, serial_shops, nicolae_shop_stone
Elf:3:    grunt_elf_hall_diamonds, layout_gridlike, serial_shops,
          nicolae_shop_behind_doors, minivault_16
Vaults:1: nicolae_vaults_murderbox, v_alt_pattern_6,
          nicolae_vaults_little_squares_3, nicolae_vaults_yaktaur_gun_rack,
          vaults_standard_mumra_x, hangedman_vaults_trim, v_misc_10,
          hangedman_vaults_capsules, vaults_mumra_lcd,
          nicolae_vaults_specimen_jars, nicolae_vaults_little_squares_2,
          layout_vaults_omnigrid, serial_shops, nicolae_shop_stone
Vaults:2: v_misc_4, ontoclasm_vaults_eye, ontoclasm_vaults_ring_large,
          vaults_mumra_chevron_long, v_misc_17,
          nicolae_vaults_ring_of_whatevers, ontoclasm_vaults_ring_small,
          dpeg_vaults_monster_box, v_misc_3, ontoclasm_vaults_gateway,
          nicolae_vaults_circle_grid_b, v_misc_11, nicolae_vaults_network_s,
          layout_vaults_ring, serial_shops, bzr_entry_islet, shop_statue
Vaults:3: ebering_vaults_ghost_disaster_area, nicolae_vaults_diagonal_hallway_6,
          vaults_mumra_minichess_inversion, grunt_vaults_funnel,
          nicolae_vaults_diagonal_hallway_8, nicolae_vaults_big_ls,
          minmay_crypt_entry_simple_plaza, vaults_mumra_hex,
          nicolae_vaults_network_periphery, nicolae_vaults_angled_halls,
          v_misc_18, nicolae_vaults_theta, nicolae_vaults_little_squares_4,
          ontoclasm_vaults_fault, layout_vaults_big_cross, uniq_sojobo
Vaults:4: nicolae_vaults_network_star, ontoclasm_vaults_twist, serial_ice_b,
          hangedman_vaults_snaps, dpeg_vaults_monster_row, v_misc_10,
          vaults_room_fours, v_pattern_2, vaults_room_pools, v_misc_25,
          st_check, grunt_vaults_hallway_long, layout_vaults_maze_snakey
Crypt:1:  layout_misc_corridors, serial_glass, glass_columns_b, glass_columns_c,
          glass_columns_a, glass_columns_a, glass_columns_a, glass_columns_c,
          glass_columns_b, glass_columns_a, glass_columns_a, glass_columns_b,
          palyth_stone_intersect, uniq_margery
Crypt:2:  layout_misc_corridors, minmay_misc_feat_rows, minivault_14
Crypt:3:  grunt_crypt_end_deaths_head
Depths:1: layout_cave_shapes, pf_hell_entry_tar_spiral,
          ebering_dispersal_statue_hall, lightli_fourway_metalbox
Depths:2: minmay_haunted_quarter, layout_gridlike, kennysheep_another_room,
          gammafunk_ghost_grave, mu_enter_wizlab_6, abyss_entry,
          grunt_pan_entry_zigzag, hell_entry, hangedman_stitches_earthworm
Depths:3: cheibrodos_hall_of_evolution, layout_cave_pools, grunt_metal_band,
          pan_entry, grunt_decor_one_mirror, chequers_serial_rivers_small_3,
          minmay_staircase_windowed_small, serial_bayou_shore_b,
          minmay_shop_star
Depths:4: hangedman_elemental_death_ray, layout_gridlike, pf_coc_iceberg,
          abyss_entry, grunt_pan_entry_spiral, chequers_serial_rivers_room_b,
          serial_shops, bzr_entry_gold, shop, shop_statue, shop,
          nicolae_shop_behind_doors, grunt_decor_fettered, kennysheep_donut
Depths:5: evilmike_zot_entry_gauntlet, layout_cave_pools, enter_ziggurat_e,
          pf_vacation_house_of_asmodeus, minivault_11, nicolae_water_bricks,
          uniq_boris

Skill      XL: |  1  2  3  4  5  6  7  8  9 10 11 12 13 14 15 16 17 18 19 20 21 22 23 24 25 |
---------------+----------------------------------------------------------------------------+-----
Armour         | 1 2 3 4 6 8 9 10 11 12 14 15 16 18 19 | 19.9
Dodging        | 4 5 6 7 9 10 11 12 13 14 15 16 17 18 19 20 | 20.1
Short Blades   | 1 2 3 |  3.0
Fighting       | 4 5 6 8 9 10 11 12 13 14 15 17 19 20 | 20.0
Maces & Flails | 5 7 9 11 12 13 | 13.9
Necromancy     | 4 6 9 10 12 13 14 15 16 | 16.0
Spellcasting   | 3 6 |  6.0
Evocations     | 3 6 10 13 14 | 14.0
Charms         | 1 3 5 |  5.0
Shields        | 4 12 15 | 15.1
Summonings     | 5 |  5.3
Staves         | |  0.1
Stealth        | |  2.0

Action                   |  1- 3 |  4- 6 |  7- 9 | 10-12 | 13-15 | 16-18 | 19-21 | 22-24 | 25-27 || total
-------------------------+-------+-------+-------+-------+-------+-------+-------+-------+-------++-------
Melee: Mace              |    20 |       |       |       |       |       |       |       |       ||    20
       Peck              |    10 |    59 |   101 |   194 |   257 |   300 |   342 |   445 |   116 ||  1824
       Kick              |    15 |    84 |   168 |   331 |   441 |   466 |   543 |   748 |   208 ||  3004
       Dagger            |    52 |   316 |   353 |   196 |       |       |       |       |       ||   917
       Flail             |       |       |    23 |    94 |       |       |       |       |       ||   117
       Whip              |       |       |       |   433 |  1089 |  1160 |  1081 |  1340 |    38 ||  5141
       Dire flail        |       |       |       |       |    47 |       |       |       |       ||    47
       Morningstar       |       |       |       |       |       |    24 |   189 |   207 |   401 ||   821
 Fire: Shortbow          |       |       |    14 |     8 |       |       |       |       |       ||    22
Throw: Stone             |     4 |       |     5 |    13 |       |       |       |       |       ||    22
       Dart              |       |     3 |       |       |       |       |       |       |       ||     3
       Javelin           |       |     2 |     3 |     5 |       |       |       |       |       ||    10
       Boomerang         |       |       |       |     4 |    31 |    23 |    27 |       |       ||    85
 Cast: Regeneration      |       |       |       |       |    22 |   107 |    99 |   120 |    39 ||   387
       Animate Dead      |       |       |       |       |       |     1 |     1 |       |       ||     2
 Abil: Fly               |       |     1 |       |       |       |     2 |     1 |     1 |       ||     5
       Stop Flying       |       |       |       |       |       |     2 |     1 |     1 |       ||     4
Evoke: Wand              |       |       |       |       |     4 |    20 |    11 |    27 |     2 ||    64
       Phial of floods   |       |       |       |       |       |       |       |     1 |       ||     1
  Use: Scroll            |       |     8 |     5 |    12 |    11 |    14 |     4 |     9 |       ||    63
       Potion            |       |       |       |       |       |     9 |     4 |     5 |       ||    18
 Stab: Sleeping          |     1 |       |       |       |       |       |       |       |       ||     1
       Distracted        |       |       |       |     1 |       |       |       |     2 |     1 ||     4
       Paralysed         |       |       |       |       |    10 |       |       |     3 |       ||    13
  Eat: Chunk             |     4 |    13 |    12 |    25 |    43 |    37 |    46 |    55 |     8 ||   243
       Ration            |       |       |       |     3 |     1 |     7 |     1 |     1 |     2 ||    15
Armor: Robe              |     2 |       |       |       |       |       |       |       |       ||     2
       Scale mail        |    23 |    60 |    99 |    95 |       |       |       |       |       ||   277
       Chain mail        |       |       |       |   106 |   221 |   191 |   119 |   164 |    63 ||   864
       Plate armour      |       |       |       |       |       |       |       |     3 |       ||     3
Dodge: Dodged            |    35 |   167 |   265 |   453 |   517 |   492 |   292 |   387 |   151 ||  2759
       Deflected         |       |       |       |    14 |    16 |    81 |    32 |       |       ||   143
Block: Buckler           |       |       |       |       |    16 |   131 |       |       |       ||   147
       Shield            |       |       |       |       |       |   152 |   496 |   742 |   356 ||  1746
       Reflection        |       |       |       |       |       |       |       |    54 |       ||    54
